Map: [ESL] Waterfall

Players

Reynor

  • Race: Zerg Zerg
  • League: Master
  • Spawn Location: 7:00

maru - Winner!

  • Race: Terran Terran
  • League: Diamond
  • Spawn Location: 1:00

Event: TSL 9

VOD

Have the link to the VOD?

Description

Time

  • Played on: Sept. 3, 2022, 11:44 a.m.
  • Length: 7:34

All games in this series

Show
View Real Time Build Order
Export as new Build Order

Reynor Zerg 

Build Orders: Hatch First 

Get SALT Encoding   

  12  0:00  Drone  
  13  0:12  Overlord  
  13  0:16  Drone  
  14  0:30  Drone x2  
  16  0:48  Hatchery  
  15  0:51  Drone  
  15  0:55  Drone  
  17  0:58  Drone  
  18  1:09  Extractor  
  17  1:13  Spawning Pool  
  17  1:17  Drone  
  17  1:20  Drone  
  18  1:28  Drone  
  19  1:38  Drone  
  20  1:49  Overlord  
  20  2:00  Zergling x2, Queen x2  
  20  2:01  Zergling x2  
  26  2:11  Drone x2  
  28  2:21  Drone x2  
  30  2:28  Hatchery  
  29  2:32  Drone  
  29  2:33  Drone  
  31  2:38  Metabolic Boost  
  31  2:43  Drone  
  32  2:45  Overlord  
  32  2:54  Drone x2  
  32  2:56  Queen  
  36  3:04  Drone x2  
  37  3:06  Drone  
  37  3:08  Queen  
  37  3:12  Drone  
  41  3:13  Drone  
  41  3:16  Overlord  
  41  3:18  Drone  
  43  3:25  Overlord  
  43  3:27  Drone  
  44  3:34  Queen  
  44  3:36  Zergling x2  
  44  3:38  Zergling x2  
  44  3:40  Queen, Drone  
  51  3:41  Zergling x2  
  51  3:44  Zergling x2  
  51  3:45  Zergling x2  
  51  3:47  Drone  
  55  3:51  Drone  
  55  3:52  Overlord  
  56  3:58  Drone  
  57  4:02  Queen  
  57  4:03  Drone x2  
  57  4:08  Drone  
  62  4:12  Queen, Drone  
  62  4:15  Zergling x2  
  65  4:18  Zergling x2  
  65  4:19  Zergling x2  
  65  4:20  Drone  
  65  4:21  Drone  
  65  4:23  Drone  
  70  4:27  Drone  
  70  4:30  Drone  
  67  4:31  Spore Crawler  
  67  4:34  Drone  
  67  4:37  Queen  
  69  4:39  Overlord  
  69  4:41  Drone  
  69  4:43  Zergling x4  
  69  4:44  Drone  
  69  4:45  Drone  
  74  4:47  Overlord, Extractor  
  74  4:50  Evolution Chamber  
  74  4:52  Drone x2  
  74  4:56  Overlord  
  74  4:57  Drone, Evolution Chamber x2  
  74  4:59  Drone  
  75  5:00  Drone  
  75  5:03  Drone  
  77  5:10  Overlord  
  77  5:12  Drone  
  78  5:14  Hatchery  
  78  5:16  Drone x2  
  78  5:17  Drone  
  78  5:19  Drone  
  81  5:24  Zerg Ground Armor Level 1, Zerg Melee Weapons Level 1  
  81  5:26  Drone x3  
  81  5:27  Extractor  
  81  5:28  Queen  
  85  5:33  Lair  
  85  5:34  Drone x2  
  87  5:36  Drone x2  
  87  5:39  Zergling x2  
  90  5:45  Zergling x4  
  90  5:46  Zergling x2  
  90  5:49  Baneling Nest  
  92  5:51  Extractor  
  92  5:52  Spore Crawler, Overlord  
  92  5:53  Drone  
  92  5:55  Drone x2  
  93  5:57  Queen  
  93  6:01  Zergling x14  
  93  6:02  Extractor  
  93  6:03  Overlord, Extractor  
  100  6:07  Drone x2  
  102  6:11  Overlord  
  103  6:18  Zergling x4  
  103  6:22  Drone  
  104  6:29  Zergling x10  
  104  6:30  Zergling x4  
  110  6:35  Queen  
  110  6:37  Drone  
  110  6:38  Overlord  
  110  6:39  Zergling x4  
  115  6:42  Zergling x2  
  115  6:43  Zergling x2  
  111  6:49  Zergling x2  
  111  6:50  Queen  
  111  6:54  Baneling x11  
  112  6:55  Zergling x4  
  112  6:56  Queen  
  112  7:00  Baneling x6  
  112  7:01  Zergling x4  
  112  7:13  Zergling x12  
Show
View Real Time Build Order
Export as new Build Order

maru Terran - Winner!

Build Orders:  

Get SALT Encoding   

  12  0:00  SCV  
  13  0:12  SCV  
  14  0:17  Supply Depot  
  14  0:24  SCV  
  15  0:38  SCV  
  15  0:40  Barracks  
  16  0:43  Refinery  
  16  0:50  SCV  
  17  1:02  SCV  
  18  1:14  SCV  
  19  1:27  Orbital Command, Marine  
  20  1:39  Command Center  
  20  1:51  Factory  
  20  1:54  SCV  
  21  2:03  Barracks Reactor  
  21  2:06  SCV  
  22  2:10  Supply Depot  
  22  2:13  Refinery  
  22  2:18  SCV  
  23  2:31  SCV  
  23  2:34  Hellion  
  26  2:39  Starport  
  26  2:40  Marine x2  
  26  2:43  SCV  
  29  2:55  Orbital Command  
  29  2:57  Widow Mine  
  29  2:58  SCV  
  32  3:00  Marine  
  33  3:12  Supply Depot  
  33  3:14  SCV  
  33  3:16  Medivac  
  36  3:26  SCV x2  
  38  3:27  Hellion  
  38  3:28  Marine  
  38  3:33  Hellion  
  43  3:38  Supply Depot, SCV  
  43  3:41  SCV  
  45  3:48  Barracks Tech Lab  
  45  3:49  Starport Tech Lab  
  45  3:50  SCV  
  45  3:53  SCV  
  47  3:59  Hellion x2  
  47  4:02  SCV  
  52  4:03  Supply Depot  
  52  4:05  SCV  
  52  4:07  Raven, Marine  
  56  4:14  SCV  
  57  4:20  SCV  
  58  4:26  SCV  
  58  4:30  Stimpack, Marine  
  58  4:32  SCV  
  58  4:36  Barracks  
  58  4:37  Factory Reactor  
  59  4:38  SCV  
  59  4:39  Supply Depot  
  59  4:40  Engineering Bay  
  59  4:41  Barracks  
  59  4:44  SCV  
  61  4:51  SCV  
  60  4:56  SCV  
  60  4:57  Marine  
  60  4:58  Refinery  
  62  5:03  SCV, Starport Reactor  
  62  5:04  Barracks  
  62  5:05  Barracks  
  62  5:07  Supply Depot, Terran Infantry Weapons Level 1  
  63  5:08  SCV  
  64  5:14  Marine  
  64  5:20  Siege Tank  
  65  5:21  SCV x2  
  65  5:26  Supply Depot  
  67  5:34  Marine  
  67  5:35  Marine x4  
  72  5:41  Medivac x2  
  76  5:47  Supply Depot  
  76  5:52  Marine x3  
  76  5:53  Siege Tank, Marine x2  
  76  5:54  Marine x2  
  86  6:10  Combat Shield, Marine x4  
  86  6:11  Marine  
  91  6:12  Marine x2  
  91  6:15  Supply Depot  
  91  6:16  Refinery  
  93  6:21  Medivac  
  95  6:28  Marine x5  
  95  6:30  Marine  
  95  6:31  Marine  
  96  6:46  Marine x5  
  101  6:48  Siege Tank, Marine x2  
  101  6:52  Supply Depot  
  106  6:59  Medivac x2  
  108  7:03  Marine  
  108  7:04  Marine x4  
  108  7:06  Marine  
  107  7:10  Marine  
Tags
 
Add a new tag
Caveats
  • Supply blocks, unpowered buildings, or Contaminate may cause inaccurate times.
  • Supply counts are checked every 10 seconds.